Map: Lerilak Crest

Players

juhyg

  • Race: Zerg Zerg
  • League: Silver

richdrummer - Winner!

  • Race: Terran Terran

VOD

Have the link to the VOD?

Description

Time

  • Played on: Feb. 7, 2016, 10:58 p.m.
  • Length: 9:37
Show
View Real Time Build Order
Export as new Build Order

juhyg Zerg 

Build Orders: Pool First, Muta Ling Bane, Zergling Baneling 

Get SALT Encoding   

  12  0:18  Spawning Pool  
  11  0:29  Drone x2  
  11  0:32  Drone  
  14  0:41  Overlord  
  14  0:54  Overlord  
  14  1:04  Drone  
  14  1:07  Extractor  
  14  1:09  Queen  
  16  1:14  Drone  
  17  1:28  Drone  
  18  1:34  Drone  
  19  1:48  Zergling x2  
  20  1:57  Zergling x2  
  21  2:07  Metabolic Boost  
  21  2:18  Zergling x4  
  21  2:19  Zergling x4  
  25  2:38  Baneling Nest  
  25  2:39  Zergling x2  
  25  2:59  Zergling x8  
  25  3:02  Zergling x2  
  28  3:30  Zergling x2  
  28  3:31  Zergling x4  
  28  3:32  Zergling x2  
  28  3:33  Overlord  
  27  4:06  Zergling x2  
  27  4:07  Zergling x4  
  25  4:48  Baneling x7  
  25  4:49  Baneling x6  
  25  4:50  Baneling  
  25  4:51  Zergling x2  
  25  4:52  Zergling x10  
  31  5:17  Hatchery  
  23  5:33  Zergling x2  
  23  5:34  Zergling x8  
  28  5:40  Zergling x2  
  28  5:42  Baneling x4  
  29  5:43  Baneling x3  
  29  5:49  Zergling x2  
  30  6:02  Zergling x6  
  30  6:03  Zergling x2  
  34  6:18  Zergling x2  
  31  6:21  Lair  
  31  6:29  Drone x2  
  31  6:30  Drone x3  
  36  6:40  Zergling x2  
  36  6:41  Drone  
  38  6:54  Extractor  
  38  7:00  Drone, Extractor  
  38  7:01  Drone x5  
  42  7:15  Drone  
  42  7:17  Overlord x2  
  43  7:33  Drone, Spire  
  43  7:37  Drone x2  
  45  7:42  Drone x2  
  47  7:47  Baneling  
  47  7:48  Baneling x5  
  47  7:49  Baneling  
  47  7:52  Baneling  
  47  7:55  Baneling  
  47  8:05  Drone  
  47  8:06  Drone x6  
  54  8:13  Centrifical Hooks  
  54  8:16  Drone  
  54  8:18  Queen  
  57  8:23  Extractor  
  56  8:31  Drone  
  57  8:42  Baneling x4  
  57  8:43  Baneling x5  
  57  8:58  Mutalisk  
  57  9:00  Zergling x4  
Show
View Real Time Build Order
Export as new Build Order

richdrummer Terran - Winner!

Build Orders:  

Get SALT Encoding   

  12  0:01  SCV  
  13  0:13  SCV  
  14  0:25  SCV  
  14  0:28  Supply Depot  
  16  0:50  SCV, Barracks  
  16  0:57  Refinery  
  16  1:02  SCV  
  17  1:14  SCV  
  18  1:26  SCV  
  19  1:37  Marine  
  19  1:38  Barracks  
  19  1:39  Orbital Command  
  20  1:56  Barracks Tech Lab  
  20  2:07  Refinery, SCV  
  21  2:15  Concussive Shells  
  21  2:16  Marauder  
  23  2:26  Barracks Reactor  
  23  2:29  Command Center  
  23  2:41  Supply Depot  
  23  2:43  Supply Depot  
  23  3:02  SCV  
  23  3:03  Marauder, Marine x2  
  28  3:11  Engineering Bay  
  28  3:24  Marauder  
  30  3:28  Marine x2  
  27  3:44  Refinery  
  20  4:07  SCV  
  18  4:11  Planetary Fortress  
  17  4:19  SCV  
  17  4:20  Barracks Reactor  
  18  4:31  SCV  
  19  4:41  Barracks Tech Lab  
  19  4:43  SCV  
  20  4:55  SCV  
  20  4:57  Factory, Marine x2  
  23  5:01  Marauder  
  25  5:08  SCV  
  26  5:14  Marine x2  
  28  5:22  Terran Infantry Weapons Level 1  
  28  5:24  Marauder  
  30  5:37  Supply Depot  
  30  5:40  Factory Tech Lab  
  30  5:45  Factory, SCV  
  33  5:50  Marauder  
  33  5:54  Marine x2  
  35  5:57  SCV  
  36  6:05  Barracks  
  36  6:06  Siege Tank  
  39  6:12  Marine x2  
  41  6:24  Marauder  
  43  6:29  Marine  
  43  6:30  Marine  
  45  6:34  Starport, Factory Reactor  
  45  6:58  Supply Depot  
  45  6:59  Barracks Reactor  
  45  7:13  Starport Reactor  
  45  7:16  Supply Depot  
  45  7:20  Marine  
  45  7:21  Supply Depot  
  46  7:36  Liberator  
  46  7:38  Marauder, Marine x3, Siege Tank  
  46  7:39  Supply Depot  
  46  7:44  Supply Depot  
  54  7:45  Liberator  
  57  8:03  Supply Depot  
  60  8:28  Marine x2  
  60  8:29  Marauder  
  64  8:35  Supply Depot  
  44  9:15  Marine x2  
  46  9:26  Starport  
Tags
 
Add a new tag
Caveats
  • Supply blocks, unpowered buildings, or Contaminate may cause inaccurate times.
  • Supply counts are checked every 10 seconds.